 Dungeon Crawl Stone Soup version 0.24-b1-30-g840c9efd86 (webtiles) character file.

Game seed: 17737375309995966082, levelgen mode: deterministic

81 Mesmaeker13 the Skirmisher (level 4, -4/38 HPs)
             Began as a Demigod Fighter on Oct 24, 2019.
             Slain by a gnoll
             ... wielding a +0 halberd
              (12 damage)
             ... on level 4 of the Dungeon.
             The game lasted 00:02:27 (3180 turns).

Mesmaeker13 the Skirmisher (Demigod Fighter)        Turns: 3180, Time: 00:02:28

Health: -4/38      AC:  6    Str: 21    XL:     4   Next: 0%
Magic:  6/6        EV:  7    Int: 12    God:
Gold:   84         SH:  9    Dex: 15    Spells: 3/3 levels left

rFire    . . .     SeeInvis .   a - +0 long sword
rCold    . . .     Gourm    .   c - +0 shield
rNeg     . . .     Faith    .   b - +0 scale mail
rPois    .         Spirit   .   (no helmet)
rElec    .         Reflect  .   (no cloak)
rCorr    .         Harm     .   (no gloves)
MR       .....                  (no boots)
Stlth    ..........             (no amulet)
HPRegen  0.12/turn              (no ring)
MPRegen  0.10/turn              (no ring)

@: no status effects
A: high mp 1
a: no special abilities


You were on level 4 of the Dungeon.
You were hungry.

You visited 1 branch of the dungeon, and saw 4 of its levels.

You collected 84 gold pieces.

Inventory:

Hand Weapons
 a - a +0 long sword (weapon)
Missiles
 j - 4 boomerangs of dispersal (quivered)
Armour
 b - a +0 scale mail (worn)
 c - a +0 shield (worn)
Scrolls
 e - a scroll of teleportation {unknown}
 h - a scroll of identify {unknown}
 k - 2 scrolls of remove curse
 n - a scroll of amnesia {unknown}
Potions
 d - 2 potions of might
 g - a potion of heal wounds {unknown}
 i - 3 potions of haste {unknown}
 l - a potion of magic {unknown}
 m - a potion of ambrosia {unknown}
 o - a potion of agility {unknown}
Comestibles
 f - 6 rations


   Skills:
 + Level 3.2 Fighting
 + Level 2.5 Long Blades
 + Level 3.2 Armour
 + Level 3.2 Shields


You had 3 spell levels left.
You didn't know any spells.
Your spell library was empty.

Dungeon Overview and Level Annotations

Branches:
Dungeon (4/15)
 Temple: D:4-7


Innate Abilities, Weirdness & Mutations

You have an increased reservoir of magic. (+10% MP)


Message History

A gnoll comes into view. It is wielding a +0 flail.
Throwing (i - inventory)
j - 6 boomerangs of dispersal (quivered)
Press: ? - help, Shift-Dir - straight line, f - gnoll
Aim: a gnoll, wielding a +0 halberd You throw a boomerang of dispersal.
The boomerang of dispersal barely misses the gnoll.
The gnoll shouts!
The boomerang of dispersal hits the gnoll.
The gnoll blinks!
You block the gnoll's attack.
The gnoll hits you from afar with a +0 halberd!
* * * LOW HITPOINT WARNING * * *
Throwing (i - inventory)
j - 5 boomerangs of dispersal (quivered)
Press: ? - help, Shift-Dir - straight line, f/p - gnoll
Aim: a gnoll, wielding a +0 halberd You throw a boomerang of dispersal.
The boomerang of dispersal barely misses the gnoll.
You block the gnoll's attack.
There is a stone staircase leading up here.
The gnoll hits you from afar with a +0 halberd!
You die...

#.#
#.#
#g#
#.#
#.#
#.#
#g#
#.#
#@#
###


You could see 2 gnolls.

Vanquished Creatures
  A gnoll (D:4)
  2 adders
  An ooze (D:2)
  2 worms (D:2)
  3 dart slugs
  2 leopard geckos
  5 bats
  A giant cockroach (D:1)
  4 hobgoblins (D:1)
  4 jackals (D:2)
  A frilled lizard (D:2)
  3 goblins
  4 kobolds
  5 rats
38 creatures vanquished.

Notes
Turn   | Place    | Note
-------+----------+-------------------------------------------
     0 | D:1      | Mesmaeker13 the Demigod Fighter began the quest for the
                  | Orb.
     0 | D:1      | Reached XP level 1. HP: 18/18 MP: 3/3
   423 | D:1      | Reached XP level 2. HP: 25/25 MP: 4/4
  1308 | D:2      | Reached XP level 3. HP: 27/31 MP: 5/5
  2686 | D:3      | Noticed an ice beast
  3167 | D:4      | Reached XP level 4. HP: 14/38 MP: 6/6
  3180 | D:4      | Slain by a gnoll

Skill      XL: |  1  2 |
---------------+-------+-----
Long Blades    | 2 |  2.5
Fighting       | 3 |  3.2
Armour         | 3 |  3.2
Shields        | 3 |  3.2

Action                   |  1- 3 |  4- 6 || total
-------------------------+-------+-------++-------
Melee: Long sword        |   150 |       ||   150
Throw: Boomerang         |     1 |     2 ||     3
  Use: Scroll            |     1 |       ||     1
  Eat: Chunk             |     3 |       ||     3
       Ration            |     1 |       ||     1
Armor: Scale mail        |    59 |       ||    59
Dodge: Dodged            |    44 |       ||    44
Block: Shield            |    78 |     2 ||    80
       Rpst.: Long sword |    17 |       ||    17
